Map: Lockdown LE

Players

UnderlineENT - Winner!

  • Race: Zerg Zerg
  • League: Master
  • Spawn Location: 7:00

RipNHammer

  • Race: Terran Terran
  • League: Master
  • Spawn Location: 1:00

VOD

Have the link to the VOD?

Description

Time

  • Played on: Sept. 8, 2026, 7:05 p.m.
  • Length: 14:45
Show
View Real Time Build Order
Export as new Build Order

UnderlineENT Zerg - Winner!

Build Orders: Hatch First 

Get SALT Encoding   

  8  0:00  Drone  
  9  0:10  Drone  
  10  0:16  Drone  
  11  0:26  Overlord  
  11  0:32  Drone  
  12  0:45  Drone x2  
  14  0:50  Drone  
  15  1:11  Hatchery  
  14  1:13  Drone  
  14  1:17  Drone  
  16  1:20  Drone  
  17  1:36  Spawning Pool  
  17  1:37  Drone  
  17  1:41  Drone  
  17  1:43  Extractor  
  17  1:50  Drone  
  18  1:59  Drone  
  19  2:09  Overlord  
  19  2:19  Drone  
  20  2:23  Queen x2  
  20  2:27  Zergling x2  
  25  2:30  Zergling x2  
  25  2:34  Drone  
  27  2:39  Drone  
  27  2:43  Metabolic Boost  
  28  2:44  Drone  
  29  3:05  Drone  
  29  3:06  Drone x2  
  29  3:07  Overlord  
  29  3:09  Extractor  
  29  3:10  Drone  
  33  3:14  Overlord  
  33  3:20  Lair  
  33  3:25  Queen  
  33  3:26  Drone  
  36  3:29  Drone  
  36  3:33  Drone x2  
  39  3:35  Drone  
  39  3:37  Drone  
  39  3:39  Drone  
  42  3:41  Drone  
  42  3:44  Drone  
  42  3:45  Drone  
  46  3:48  Drone  
  46  3:50  Drone  
  46  3:53  Extractor  
  46  3:54  Extractor  
  45  3:57  Extractor  
  45  4:02  Zergling x4  
  46  4:12  Zergling x2  
  46  4:15  Hatchery  
  46  4:25  Spire, Drone x3  
  48  4:36  Overlord  
  48  4:40  Overlord  
  48  4:47  Spore Crawler  
  48  4:50  Spore Crawler  
  46  4:56  Drone x2  
  46  4:57  Drone x3  
  46  4:59  Drone x3  
  54  5:31  Mutalisk x6  
  54  5:32  Mutalisk  
  68  5:36  Overlord  
  68  5:43  Evolution Chamber  
  68  5:45  Evolution Chamber, Baneling Nest  
  65  5:54  Drone  
  65  5:55  Drone x8  
  65  5:56  Drone  
  75  5:58  Drone  
  76  6:10  Spore Crawler  
  75  6:11  Spore Crawler  
  75  6:17  Spore Crawler, Drone, Overlord  
  75  6:18  Overlord  
  76  6:19  Zerg Melee Weapons Level 1, Zerg Ground Armor Level 1  
  76  6:28  Drone x2  
  76  6:29  Drone  
  71  6:43  Mutalisk x5  
  71  6:46  Drone x6  
  86  6:53  Drone  
  84  7:03  Drone  
  84  7:04  Drone x8  
  80  8:07  Zergling x2  
  80  8:08  Zergling x22  
  92  8:13  Extractor  
  92  8:15  Extractor  
  92  8:16  Zerg Melee Weapons Level 2, Zerg Ground Armor Level 2  
  92  8:18  Infestation Pit  
  86  8:26  Hatchery, Drone x2  
  86  8:27  Drone  
  85  8:33  Drone x3  
  86  8:45  Drone x5  
  86  8:47  Drone  
  92  8:48  Overlord  
  92  8:54  Overlord  
  92  8:56  Centrifugal Hooks  
  92  9:04  Queen  
  92  9:05  Queen  
  92  9:14  Drone x5  
  92  9:15  Drone x3  
  100  9:17  Overlord x2  
  98  9:44  Zergling x18  
  103  9:50  Hive  
  103  9:54  Mutalisk x4  
  103  9:59  Mutalisk x2  
  111  10:00  Mutalisk x2  
  119  10:13  Drone  
  119  10:14  Drone x5, Hatchery  
  124  10:15  Queen  
  126  10:26  Extractor  
  125  10:29  Extractor  
  116  11:15  Overlord x2  
  116  11:16  Overlord x4  
  114  11:22  Adrenal Glands  
  114  11:23  Zergling x2  
  114  11:24  Zergling x26, Ultralisk Cavern  
  114  11:25  Zergling x2  
  128  11:26  Zerg Ground Armor Level 3, Zerg Melee Weapons Level 3  
  128  11:28  Overlord x2  
  128  11:29  Overlord x2  
  128  11:56  Infestor x4  
  128  11:57  Infestor x2  
  128  11:59  Zergling x16  
  128  12:00  Zergling x6  
  151  12:20  Neural Parasite  
  151  12:21  Chitinous Plating  
  157  12:23  Ultralisk x5  
  157  12:27  Ultralisk  
  147  13:29  Zergling x2  
  147  13:30  Zergling x38  
  147  13:31  Zergling x14  
  147  13:33  Baneling x8  
  147  13:34  Baneling x30  
  174  13:35  Baneling x2  
  174  13:40  Anabolic Synthesis  
  174  13:48  Corruptor x4  
  174  13:49  Corruptor  
  175  14:17  Drone  
  175  14:18  Drone x16  
  187  14:24  Extractor  
  187  14:28  Extractor  
  187  14:30  Hatchery  
Show
View Real Time Build Order
Export as new Build Order

RipNHammer Terran 

Build Orders: Reaper Expand, Hellion Banshee 

Get SALT Encoding   

  8  0:00  SCV  
  9  0:12  SCV  
  10  0:24  SCV  
  11  0:37  SCV  
  11  0:39  Supply Depot  
  12  0:49  SCV  
  13  0:54  Refinery  
  13  1:01  SCV  
  14  1:06  Barracks  
  14  1:13  SCV  
  15  1:25  SCV  
  16  1:37  SCV  
  17  1:53  Orbital Command  
  17  1:54  Reaper  
  18  2:07  Command Center  
  18  2:19  SCV  
  19  2:27  Factory  
  19  2:31  SCV  
  20  2:37  Barracks Reactor  
  20  2:40  Refinery  
  20  2:47  SCV  
  20  2:49  Supply Depot  
  20  3:06  SCV  
  21  3:14  Starport  
  21  3:20  SCV  
  21  3:21  Orbital Command  
  21  3:23  Hellion  
  24  3:32  SCV  
  25  3:37  Hellion  
  27  3:44  SCV  
  27  3:47  Barracks Tech Lab  
  28  3:50  SCV  
  28  3:52  Hellion  
  31  3:56  SCV  
  31  4:00  Hellion  
  34  4:09  SCV x2  
  36  4:14  Banshee, Cloaking Field  
  36  4:15  Supply Depot  
  41  4:17  Hellion  
  41  4:21  SCV  
  42  4:29  Supply Depot  
  42  4:37  SCV x2, Hellion  
  46  4:39  Supply Depot  
  46  4:42  Armory  
  46  4:47  Hellion  
  46  4:49  SCV  
  49  4:55  Supply Depot  
  49  4:56  SCV  
  49  4:57  Banshee  
  53  5:01  SCV  
  54  5:07  Supply Depot  
  54  5:08  SCV  
  54  5:11  Refinery  
  54  5:13  Hellion  
  57  5:14  SCV  
  58  5:25  Hellion  
  58  5:26  SCV  
  61  5:32  SCV, Supply Depot  
  61  5:35  Refinery  
  62  5:39  Banshee  
  62  5:40  Factory x2  
  69  6:03  Widow Mine x2  
  69  6:08  SCV  
  69  6:10  Engineering Bay  
  54  6:18  SCV  
  53  6:27  Widow Mine x2, Factory Tech Lab x2  
  52  6:44  Marine  
  52  6:46  Missile Turret x2  
  46  6:49  Missile Turret x2  
  38  6:56  SCV, Missile Turret  
  38  6:58  Cyclone  
  38  6:59  Cyclone  
  39  7:12  Viking  
  39  7:15  Missile Turret  
  43  7:35  Cyclone  
  37  7:37  Viking  
  37  7:39  Widow Mine  
  39  7:52  Cyclone  
  41  8:10  Factory Tech Lab  
  41  8:11  Factory Tech Lab  
  38  8:18  SCV x2  
  40  8:30  SCV  
  40  8:31  Missile Turret  
  40  8:33  Factory Reactor  
  40  8:34  Missile Turret  
  40  8:35  Missile Turret  
  40  8:36  SCV  
  41  8:41  Cyclone x2  
  41  8:42  SCV  
  41  8:48  SCV  
  46  8:54  SCV  
  47  8:56  Mag-Field Accelerator  
  47  9:00  SCV  
  45  9:07  SCV  
  46  9:12  SCV  
  47  9:19  Cyclone x2  
  47  9:21  SCV  
  54  9:24  SCV  
  54  9:26  Widow Mine  
  54  9:27  Widow Mine  
  59  9:33  SCV  
  59  9:36  SCV  
  61  9:44  Supply Depot  
  61  9:46  SCV  
  62  9:55  Missile Turret  
  62  9:57  Cyclone  
  62  9:58  Cyclone, SCV  
  69  10:00  Hellion x2  
  69  10:04  SCV  
  74  10:12  SCV  
  75  10:16  SCV  
  76  10:24  SCV, Infernal Pre-Igniter  
  76  10:28  Hellion, SCV  
  79  10:29  Cyclone  
  79  10:30  Cyclone  
  79  10:31  Hellion  
  79  10:34  Supply Depot  
  88  10:36  SCV  
  88  10:41  SCV  
  90  10:48  SCV  
  89  11:07  Supply Depot  
  87  11:19  SCV  
  87  11:22  Hellion  
  90  11:26  Cyclone, SCV, Hellion  
  90  11:28  Cyclone  
  90  11:31  SCV  
  100  11:42  SCV  
  100  11:44  Hellion, Supply Depot  
  103  11:49  Command Center  
  103  11:51  Hellion  
  105  11:57  SCV  
  105  12:01  Supply Depot  
  106  12:06  SCV, Cyclone, Hellion  
  112  12:08  Supply Depot  
  112  12:10  Cyclone  
  112  12:13  Armory  
  112  12:15  Hellion  
  117  12:22  Factory  
  117  12:23  SCV  
  117  12:24  SCV  
  119  12:33  Hellion  
  121  12:38  Cyclone  
  124  12:44  Cyclone  
  124  12:45  Hellion  
  128  12:55  Hellion  
  126  13:06  Hellion  
  126  13:10  Siege Tank  
  121  13:17  Cyclone  
  87  13:25  Starport Reactor, SCV  
  86  13:33  Factory Tech Lab  
  88  13:34  Hellion, SCV  
  89  13:42  Siege Tank, Widow Mine  
  89  13:47  SCV x2  
  96  13:49  Cyclone  
  99  13:56  Hellion  
  99  13:57  Command Center  
  99  13:59  SCV  
  99  14:00  Supply Depot  
  102  14:05  Refinery, Supply Depot  
  102  14:08  Armory  
  102  14:14  Hellion  
  114  14:27  Missile Turret  
Tags
 
Add a new tag
Caveats
  • Supply blocks, unpowered buildings, or Contaminate may cause inaccurate times.
  • Supply counts are checked every 10 seconds.